 Dungeon Crawl Stone Soup version 0.17.0-27-g4a3f43e (console) character file.

247 gw the Cutter (level 6, 0/32 HPs)
             Began as a Vine Stalker Gladiator on Nov 21, 2015.
             Was an Initiate of Trog.
             Succumbed to a scorpion's poison
             ... on level 3 of the Dungeon.
             The game lasted 00:03:32 (2928 turns).

gw the Cutter (Vine Stalker Gladiator)              Turns: 2928, Time: 00:03:32

Health: 0/32       AC:  4    Str: 17    XL:     6   Next: 11%
Magic:  3/7        EV: 12    Int:  8    God:    Trog [......]
Gold:   152        SH:  0    Dex: 17    Spells: 0 memorised, 5 levels left

rFire  . . .     SeeInvis .     a - +1 rapier
rCold  . . .     Clarity  .     j - +0 ring mail
rNeg   . . .     SustAt   .     (no shield)
rPois  .         Gourm    .     c - +0 helmet
rElec  .         Spirit   +     (no cloak)
rCorr  .         Warding  .     (no gloves)
rMut   .         Stasis   .     (no boots)
MR     .....                    (no amulet)
Stlth  +.........               (no ring)
                                k - -2 ring of protection (curse)

@: lethally poisoned (0 -> -2), very slightly contaminated, hasted, very quick,
not resistant to hostile enchantments, very unstealthy
A: fangs 2, regeneration 2, magic shield, antimagic bite, no device heal 3, rot
immunity
a: Burn Spellbooks, Renounce Religion


You were on level 3 of the Dungeon.
You worshipped Trog.
Trog was noncommittal.
You were very hungry.

You visited 1 branch of the dungeon, and saw 4 of its levels.

You collected 152 gold pieces.

Inventory:

Hand Weapons
 a - a +1 rapier (weapon)
Missiles
 d - 3 throwing nets
Armour
 c - a +0 helmet (worn)
 j - a +0 ring mail (worn)
Jewellery
 k - a cursed -2 ring of protection (left hand)
Scrolls
 f - a scroll of teleportation
Comestibles
 e - a bread ration
 g - 2 meat rations


   Skills:
 + Level 2.7 Fighting
 * Level 4.3 Short Blades
 + Level 3.3 Throwing
 + Level 3.0 Dodging


You had 5 spell levels left.
You didn't know any spells.

Dungeon Overview and Level Annotations

Branches:
Dungeon (4/15)
 Temple: D:4-7

Altars:
Sif Muna
Trog

Annotations:
D:3 exclusion: downstairs


Innate Abilities, Weirdness & Mutations

You have extremely sharp teeth.
You heal very quickly.
When hurt, damage is shared between your health and your magic reserves.
Your bite disrupts and absorbs the magic of your enemies.
Potions and wands cannot restore your health.
You are immune to rotting.


Message History

ATTACK MOVE TO (1,1)
Your surroundings suddenly seem different.
You feel sick.
ATTACK MOVE TO (-1,-1)
You feel sick.
ATTACK MOVE TO (0,1)
You feel sick.
ATTACK MOVE TO (0,-1)
You feel sick.
ATTACK MOVE TO (1,1)
You feel sick.
ATTACK MOVE TO (-1,-1)
You feel sick.
ATTACK MOVE TO (1,1) ATTACK MOVE TO (-1,0)
You feel sick.
ATTACK MOVE TO (0,-1)
You feel sick.
ATTACK MOVE TO (0,1)
You die...

#.#.# #.# #.# #.#
#.#.# #.# #.# #.#
####.#.# #.# #.# #.#
.....#.# #.#####.#
#.# ######.#
#.##....# #.# #.#
#.##.#### #.# ##.##
#.##.# #.# #####)..##
#.##.########.#
.........#
#f............#
.####....#
####.##########
#.....^#.# #.#
.#######.##########.#
.# #............# .#
############## .# .#
.#


There were no monsters in sight!

Table legend:
 A = Turns spent in this place as a percentage of turns spent in the entire game.
 B = Non-inter-level travel turns spent in this place as a percentage of non-inter-level travel turns spent in the entire game.
 C = Inter-level travel turns spent in this place as a percentage of turns spent in this place.
 D = Turns resting spent in this place as a percentage of non-inter-level travel turns spent in this place.
 E = Turns spent auto-exploring this place as a percentage of non-inter-level travel turns spent in this place.
 F = Non-inter-level travel turns spent in this place divided by the number of levels of this place that you've seen.
                   A       B       C       D       E      F
               +-------+-------+-------+-------+-------+----------------------
         Total | 100.0 | 100.0 |   0.3 |   0.8 |   1.8 | 1463.8
       Dungeon | 100.0 | 100.0 |   0.3 |   0.8 |   1.8 | 1463.8
               +-------+-------+-------+-------+-------+----------------------

Table legend:
 A = Kills in this place as a percentage of kills in entire the game.
 B = Kills by you in this place as a percentage of kills by you in the entire game.
 C = Kills by friends in this place as a percentage of kills by friends in the entire game.
 D = Other kills in this place as a percentage of other kills in the entire game.
 E = Experience gained in this place as a percentage of experience gained in the entire game.
 F = Experience gained in this place divided by the number of levels of this place that you have seen.
                   A       B       C       D       E      F
               +-------+-------+-------+-------+-------+----------------------
         Total | 100.0 | 100.0 |  -nan |  -nan | 100.0 |  88.2
       Dungeon | 100.0 | 100.0 |  -nan |  -nan | 100.0 |  88.2
               +-------+-------+-------+-------+-------+----------------------

Vanquished Creatures
  An orc priest (D:3)
  2 orc wizards (D:3)
  5 adders
  3 oozes
  4 worms
  8 giant geckos
  6 orcs (D:3)
  9 bats
  5 giant cockroaches
  10 goblins
  6 hobgoblins
  4 jackals (D:1)
  2 quokkas (D:2)
  3 giant newts
  9 kobolds
  6 rats
83 creatures vanquished.

Notes
Turn   | Place    | Note
--------------------------------------------------------------
     0 | D:1      | gw the Vine Stalker Gladiator began the quest for the Orb.
     0 | D:1      | Reached XP level 1. HP: 11/11 MP: 2/2
    99 | D:1      | Reached skill level 3 in Short Blades
    99 | D:1      | Reached XP level 2. HP: 9/15 MP: 3/3
   210 | D:1      | Reached XP level 3. HP: 18/18 MP: 4/4
   819 | D:2      | Reached XP level 4. HP: 23/23 MP: 5/5
  1044 | D:2      | Found a faded altar to an unknown god.
  1755 | D:3      | Reached XP level 5. HP: 24/26 MP: 6/6
  2128 | D:3      | Reached skill level 4 in Short Blades
  2489 | D:3      | Gained mutation: You heal very quickly. [Vine Stalker growth]
  2489 | D:3      | Reached XP level 6. HP: 28/32 MP: 5/7
  2631 | D:3      | Found a bloodstained altar of Trog.
  2631 | D:3      | Found a deep blue altar of Sif Muna.
  2634 | D:3      | Became a worshipper of Trog the Wrathful
  2927 | D:3      | HP: 1/32 [poisoned by a scorpion]
  2928 | D:3      | Succumbed to a scorpion's poison

Action                   |  1- 3 |  4- 6 || total
-------------------------+-------+-------++-------
Melee: Rapier            |   112 |   194 ||   306
Throw: Stone             |    26 |    80 ||   106
  Use: Scroll            |     2 |     8 ||    10
       Potion            |     2 |     3 ||     5
  Eat: Chunk             |       |     6 ||     6

Vault maps used:
D:1:      matt_arrival_los_fun, minmay_crystal_room, dk_noncrumbling_3
D:2:      serial_forest, infiniplex_forest_straight_3,
          infiniplex_forest_straight_4, infiniplex_forest_lined_room_2,
          infiniplex_forest_lined_4_way, infiniplex_forest_diagonal,
          infiniplex_forest_end_1, infiniplex_forest_clump_double,
          infiniplex_forest_end_double, infiniplex_forest_straight_5,
          ecumenical_altar_2, grunt_ministairs_6
D:3:      gammafunk_temple_overflow_elements
D:4:      grunt_temple_overflow_open, first_bread, uniq_menkaure
